Map: Acropolis LE

Players

MaNa - Winner!

  • Race: Protoss Protoss
  • Spawn Location: 5:00

HolyHit

  • Race: Protoss Protoss
  • Spawn Location: 11:00

VOD

Have the link to the VOD?

Description

Time

  • Played on: Sept. 6, 2019, 12:35 p.m.
  • Length: 10:32
Show
View Real Time Build Order
Export as new Build Order

MaNa Protoss - Winner!

Build Orders: Oracle Opening, Phoenix Opening, Archon Immortal 

Get SALT Encoding   

  12  0:00  Probe  
  13  0:12  Probe  
  14  0:16  Pylon  
  14  0:23  Probe  
  15  0:31  Probe  
  15  0:39  Gateway  
  15  0:40  Probe  
  16  0:45  Assimilator  
  17  0:51  Probe  
  17  0:54  Assimilator  
  18  0:59  Probe  
  19  1:07  Probe  
  19  1:09  Gateway  
  19  1:17  Probe  
  21  1:29  Cybernetics Core, Probe  
  22  1:36  Pylon  
  22  1:41  Probe  
  23  1:54  Probe  
  24  2:05  Warp Gate, Sentry, Stalker  
  24  2:06  Probe  
  29  2:19  Pylon  
  29  2:29  Stargate  
  31  2:37  Probe  
  31  2:40  Phoenix  
  33  2:49  Nexus  
  29  3:01  Probe, Robotics Facility  
  29  3:03  Oracle  
  30  3:13  Probe  
  34  3:25  Probe  
  34  3:26  Pylon  
  35  3:35  Probe  
  36  3:44  Probe  
  36  3:46  Immortal  
  37  3:52  Probe  
  41  3:59  Sentry  
  41  4:02  Probe  
  45  4:03  Probe  
  46  4:14  Immortal, Probe  
  46  4:15  Probe  
  48  4:20  Assimilator  
  48  4:22  Assimilator  
  48  4:26  Probe  
  48  4:27  Probe  
  54  4:32  Pylon  
  54  4:38  Probe  
  55  4:47  Warp Prism  
  55  4:48  Forge  
  55  4:49  Probe  
  55  4:51  Probe  
  57  4:59  Adept x2  
  63  5:01  Probe  
  63  5:04  Probe  
  65  5:09  Pylon  
  65  5:15  Phoenix  
  65  5:16  Probe  
  68  5:22  Probe, Protoss Ground Weapons Level 1  
  69  5:28  Probe  
  69  5:30  Pylon  
  69  5:32  Stalker  
  72  5:38  Probe  
  72  5:40  Probe  
  74  5:48  Immortal  
  78  5:50  Probe  
  78  5:53  Pylon, Probe  
  80  6:05  Probe  
  80  6:08  Zealot x2  
  79  6:16  Warp Prism  
  76  6:18  Probe  
  76  6:19  Probe  
  78  6:30  Twilight Council  
  80  6:35  Zealot  
  80  6:36  Zealot  
  80  6:37  Probe x2  
  86  6:45  Gateway  
  86  6:47  Gateway  
  86  6:58  Charge  
  84  7:05  Probe x2  
  84  7:11  Templar Archives  
  84  7:12  Protoss Ground Weapons Level 2  
  84  7:21  Gateway  
  84  7:22  Gateway  
  81  7:24  Observer  
  81  7:26  Nexus  
  82  7:31  Gateway  
  82  7:34  Gateway  
  82  7:39  Pylon  
  82  7:47  High Templar x4  
  90  7:53  Immortal  
  94  8:17  Pylon  
  94  8:18  Pylon, Archon  
  94  8:19  High Templar x4, Archon  
  102  8:20  Pylon  
  102  8:30  Immortal  
  102  8:37  Photon Cannon  
  102  8:38  Archon  
  102  8:39  Archon  
  102  8:40  Zealot x2, High Templar x2  
  114  8:44  Archon  
  114  8:49  Photon Cannon  
  114  8:51  Photon Cannon  
  114  8:58  Zealot x3  
  120  9:04  Observer  
  120  9:06  Zealot  
  120  9:08  Stalker  
  119  9:34  High Templar x2  
  119  9:35  Zealot x6  
  135  9:39  Archon  
  135  9:43  Shield Battery  
  135  9:57  Pylon  
  135  9:58  Pylon  
  135  10:00  High Templar x2  
  135  10:01  Zealot  
  135  10:04  Archon  
  133  10:24  Zealot x6  
Show
View Real Time Build Order
Export as new Build Order

HolyHit Protoss 

Build Orders: Archon Immortal 

Get SALT Encoding   

  12  0:00  Probe  
  13  0:12  Probe  
  14  0:17  Pylon  
  14  0:24  Probe  
  15  0:32  Probe  
  15  0:38  Gateway  
  15  0:40  Probe  
  16  0:46  Assimilator  
  17  0:51  Probe  
  18  0:59  Assimilator  
  18  1:01  Probe  
  19  1:09  Gateway, Probe  
  19  1:18  Probe  
  20  1:25  Cybernetics Core  
  21  1:29  Probe  
  22  1:35  Pylon  
  22  1:41  Probe  
  23  1:54  Probe  
  24  2:03  Stalker  
  24  2:04  Sentry  
  28  2:08  Pylon  
  28  2:11  Pylon  
  28  2:12  Warp Gate  
  28  2:17  Probe  
  29  2:25  Pylon  
  30  2:30  Probe  
  30  2:40  Nexus  
  30  2:48  Shield Battery  
  30  2:49  Sentry  
  30  2:51  Sentry  
  34  2:52  Probe  
  35  3:00  Probe  
  36  3:09  Probe  
  36  3:10  Robotics Facility  
  37  3:20  Probe  
  38  3:32  Probe  
  39  3:34  Pylon  
  39  3:40  Forge  
  39  3:48  Probe x2  
  39  3:50  Pylon  
  41  3:56  Probe  
  41  3:59  Observer, Probe  
  41  4:00  Stalker  
  41  4:01  Stalker  
  47  4:06  Probe  
  47  4:09  Protoss Ground Weapons Level 1  
  49  4:14  Probe  
  47  4:18  Probe  
  47  4:22  Assimilator  
  48  4:25  Assimilator  
  48  4:28  Warp Prism  
  48  4:30  Probe  
  51  4:36  Probe  
  52  4:43  Probe  
  52  4:44  Stalker  
  52  4:45  Stalker  
  57  4:48  Probe  
  58  4:54  Immortal  
  58  4:56  Probe  
  59  5:01  Probe  
  64  5:07  Pylon  
  64  5:08  Probe  
  64  5:13  Probe  
  66  5:19  Twilight Council  
  66  5:24  Probe  
  66  5:27  Probe  
  68  5:30  Adept x2  
  68  5:33  Shield Battery  
  72  5:41  Immortal  
  76  5:52  Pylon  
  76  5:53  Adept  
  70  6:04  Stalker  
  70  6:05  Protoss Ground Weapons Level 2  
  70  6:13  Stalker  
  70  6:15  Charge  
  66  6:20  Immortal  
  68  6:56  Probe x2  
  68  6:57  Templar Archives, Nexus  
  68  6:58  Pylon  
  67  7:03  Warp Prism  
  69  7:14  Probe  
  70  7:18  Probe  
  71  7:25  Gateway  
  71  7:27  Gateway  
  71  7:29  Gateway  
  71  7:36  Probe  
  71  7:37  Immortal, Probe  
  73  7:41  Gateway  
  77  7:48  High Templar  
  77  7:49  High Templar  
  81  7:51  Probe  
  81  7:52  Gateway  
  81  7:53  Probe  
  83  8:04  Archon  
  78  8:20  High Templar  
  78  8:23  Pylon  
  78  8:24  Pylon  
  76  8:28  High Templar x2  
  78  8:35  High Templar  
  78  8:36  Archon  
  78  8:37  Immortal  
  78  8:40  Gateway  
  84  8:43  Gateway, Probe  
  84  8:44  Probe x2  
  84  8:48  Archon  
  87  8:51  Gateway  
  87  8:52  Probe x2  
  87  8:56  Gateway, Probe  
  87  9:00  Probe  
  90  9:06  Robotics Bay  
  95  9:17  Immortal  
  95  9:31  Probe x3  
  94  9:33  Shield Battery  
  94  9:35  Shield Battery  
  94  9:36  Zealot x3, High Templar  
  96  9:39  Zealot  
  96  9:40  Stalker  
  96  9:41  Zealot  
  96  9:42  Zealot  
  104  9:48  Assimilator  
  104  9:50  Assimilator  
  104  9:52  Probe x2  
  106  9:54  Warp Prism, Probe  
  106  9:57  High Templar  
  106  9:58  Zealot x2  
  113  10:02  Archon  
  115  10:11  Zealot  
  115  10:12  Robotics Facility  
  109  10:23  Zealot x5  
  109  10:27  Zealot  
Tags
 
Add a new tag
Caveats
  • Supply blocks, unpowered buildings, or Contaminate may cause inaccurate times.
  • Supply counts are checked every 10 seconds.